 Dungeon Crawl Stone Soup version 0.30-a0-23-ge60ba3568b (webtiles) character file.

Game seed: 13362038327618086190

15623 nono the Basher (level 12, -2/100 HPs)
             Began as a Palentonga Fighter on Aug 24, 2022.
             Was an Elder of Makhleb.
             Slain by a minotaur
             ... wielding a +0 demon trident
              (22 damage)
             ... in a Gauntlet on Aug 25, 2022.
             The game lasted 01:07:10 (18024 turns).

nono the Basher (Palentonga Fighter)               Turns: 18024, Time: 01:07:11

Health: -2/100     AC: 30    Str: 26    XL:     12   Next: 2%
Magic:  5/5        EV:  7    Int:  9    God:    Makhleb [****..]
Gold:   1030       SH: 10    Dex: 10    Spells: 11/11 levels left

rFire   + . .      SeeInvis +    n - +5 demon whip "Spellbinder" {antimagic, Will+}
rCold   . . .      Faith    .    c - +0 buckler
rNeg    + . .      Spirit   .    J - +0 plate armour
rPois   .          Reflect  +    W - +0 helmet
rElec   .          Harm     .    G - +2 cloak {Stlth+}
rCorr   .          Rampage  .    (no gloves)
Will    +....      NoTele   +    Z - +2 barding {rF+}
Stlth   ..........               Y - amulet of reflection
HPRegen 0.26/turn                A - +4 ring of evasion
MPRegen 0.09/turn                I - ring of positive energy

@: curled up
A: large, rugged brown scales 3, see invisible, deformed body, roll 1, armoured
tail, reflexive curl
a: Rolling Charge, Renounce Religion, Minor Destruction, Lesser Servant of
Makhleb, Major Destruction


You were in a Gauntlet.
You worshipped Makhleb.
Makhleb was greatly pleased with you.
You visited 3 branches of the dungeon, and saw 15 of its levels.
You also visited: Sewer, Ossuary and Gauntlet.

You collected 1191 gold pieces.
You spent 161 gold pieces at shops.

Inventory:

Hand Weapons
 a - a +0 war axe
 d - a -3 eveningstar
 e - a +2 spear of flaming
 n - the +5 demon whip "Spellbinder" (weapon) {antimagic, Will+}
   (You found it on level 8 of the Dungeon)

   It reduces the magical energy of the wielder, and disrupts the spells and
   magical abilities of those it strikes.
   Natural abilities and divine invocations are not affected.
   It unleashes wild and unpredictable magical effects upon striking a wizard or
   a creature with magical abilities.
   Will:      It increases your willpower.
 F - a +0 demon whip of venom
 P - the +8 lance "Wyrmbane" {slay drac, rPois rF+ rC+ AC+3}
   (You found it in a Gauntlet)

   It inflicts extra damage against dragons and draconians.
   AC:        It affects your AC (+3).
   rF:        It protects you from fire.
   rC:        It protects you from cold.
   rPois:     It protects you from poison.
 U - a +2 morningstar of protection
Missiles
 g - a throwing net
Armour
 b - a +0 scale mail
 c - a +0 buckler (worn)
 f - a +0 cloak
 u - a +0 chain mail
 G - a +2 cloak of stealth (worn)
 J - a +0 plate armour (worn)
 W - a +0 helmet (worn)
 Z - a +2 barding of fire resistance (worn)
Jewellery
 A - a +4 ring of evasion (left hand)
 I - a ring of positive energy (right hand)
 O - an amulet of the acrobat
 Y - an amulet of reflection (around neck)
Wands
 i - a wand of acid (10)
 C - a wand of flame (30)
 E - a wand of roots (6)
 S - a wand of polymorph (13)
 T - a wand of digging (7)
Scrolls
 k - 3 scrolls of butterflies
 m - 3 scrolls of enchant armour
 o - a scroll of noise
 p - 2 scrolls of torment
 q - a scroll of poison
 r - 7 scrolls of teleportation
 s - a scroll of silence {unknown}
 x - 3 scrolls of amnesia
 y - 2 scrolls of immolation
 D - 4 scrolls of vulnerability
 H - a scroll of magic mapping
 K - a scroll of blinking {unknown}
 N - 4 scrolls of enchant weapon
 R - 2 scrolls of fear
 V - a scroll of identify
Potions
 h - a potion of resistance {unknown}
 j - 4 potions of haste {unknown}
 l - 5 potions of invisibility {unknown}
 t - 2 potions of degeneration
 v - 5 potions of attraction {unknown}
 w - a potion of ambrosia {unknown}
 z - a potion of lignification
 B - 3 potions of curing
 L - 2 potions of magic {unknown}
 M - 5 potions of flight {unknown}
 Q - 2 potions of mutation


   Skills:
 + Level 8.6 Fighting
 - Level 8.1(11.9) Axes
 + Level 13.6(14.4) Maces & Flails
 + Level 7.2 Armour
 + Level 0.0 Dodging
 + Level 7.9 Shields
 + Level 6.5 Invocations


You had 11 spell levels left.
You didn't know any spells.
Your spell library contained the following spells:

 Spells                   Type           Power      Damage    Failure   Level
 Beastly Appendage        Tmut           0%         N/A       99%         1
 Shock                    Conj/Air       0%         1d3       99%         1
 Sting                    Tmut/Pois      0%         1d3       99%         1
 Poisonous Vapours        Pois/Air       0%         N/A       100%        2
 Wereblood                Tmut           0%         N/A       100%        2
 Gell's Gravitas          Tloc           0%         N/A       100%        3
 Ignite Poison            Fire/Tmut/Pois 0%         N/A       100%        3
 Lesser Beckoning         Tloc           0%         N/A       100%        3
 Mephitic Cloud           Conj/Pois/Air  0%         N/A       100%        3
 Spider Form              Tmut/Pois      0%         N/A       100%        3
 Swiftness                Air            0%         N/A       100%        3
 Teleport Other           Tloc           0%         N/A       100%        3
 Airstrike                Air            0%         2d(0-16)  100%        4
 Olgreb's Toxic Radiance  Pois           0%         N/A       100%        4
 Freezing Cloud           Conj/Ice/Air   0%         6-21      100%        5
 Conjure Ball Lightning   Conj/Air       0%         3x3d6     100%        6
 Discord                  Hex            0%         N/A       100%        8
 Disjunction              Tloc           0%         N/A       100%        8


Dungeon Overview and Level Annotations

Branches:
Dungeon (12/15)            Temple (1/1) D:5            Lair (2/5) D:9
 Shoals (0/4) Lair:2       Spider (0/4) Lair:2          Orc (0/2) D:9
  Sewer (visited)         Ossuary (visited)         Gauntlet (1/1)

Altars:
Ashenzari
Cheibriados
Dithmenos
Elyvilon
Fedhas
Gozag
Hepliaklqana
Kikubaaqudgha
Makhleb
Nemelex Xobeh
Okawaru
Qazlal
Ru
Sif Muna
Trog
Uskayaw
Vehumet
Wu Jian
Xom
Yredelemnul
Zin
The Shining One

Shops:
D:7 **

Annotations:
D:9 1 runed translucent door, stringoo's ghost, journeyman OpGl
Lair:1 exclusion: oklob plant Gauntlet 7 transporters


Innate Abilities, Weirdness & Mutations

You are completely covered in rugged brown scales. (AC +3, +7% HP)
You have supernaturally acute eyesight. (SInv)
Armour fits poorly on your strangely shaped body.
You can roll at nearby foes to attack.
You have a long armoured tail.
You curl defensively after being hit. (AC +7*)


Message History

You tail-slap the minotaur, but do no damage.
Your smoke demon gestures at the minotaur.
The minotaur is smitten.
The minotaur hits you with a +0 demon trident!
The minotaur gores you.
You hit the minotaur.
The minotaur is moderately wounded.
You hit the minotaur.
The minotaur is moderately wounded.
The minotaur hits you with a +0 demon trident!!
The minotaur gores you but does no damage.
You block the minotaur's attack. Something hits your smoke demon!!
Something gores your smoke demon!
Your smoke demon dies!
Your smoke demon disappears in a puff of smoke!
Aiming: Major Destruction (12% risk of failure)
Press: ? - help, Shift-Dir - straight line, f - minotaur
Aim: a minotaur, wielding a +0 demon trident, wearing a +0 chain mail, wearing the ring of Xam Idghe {rElec rPois Will- Str+6 Int+6} and quivering silver javelins (moderately wounded)
You fail to use your ability.
The minotaur throws a silver javelin.
The silver javelin pierces through you but does no damage.
Aiming: Major Destruction (12% risk of failure)
Press: ? - help, Shift-Dir - straight line, f/p - minotaur
Aim: a minotaur, wielding a +0 demon trident, wearing a +0 chain mail, wearing the ring of Xam Idghe {rElec rPois Will- Str+6 Int+6} and quivering silver javelins (moderately wounded)
The bolt of acid hits the minotaur!
The minotaur is heavily wounded.
The minotaur throws a silver javelin.
The silver javelin pierces through you!!
* * * LOW HITPOINT WARNING * * *
x2 You feel much better.
A demon appears!
You block the minotaur's attack.
You swap places.
Your hellwing hits the minotaur.
Your hellwing hits the minotaur but does no damage.
You swap places.
The minotaur hits you with a +0 demon trident!
* * * LOW HITPOINT WARNING * * *
The minotaur gores you.
* * * LOW HITPOINT WARNING * * *
The minotaur attacks as you move away!
The minotaur hits you with a +0 demon trident!!
You die...

......#..# ......#..#
#####.#..#####
.#.#.##..#≈8§#
.©....#..#...########
#.#.#÷####.8........#
#####.#©.....###.##.##
......####.8........8#
.©[...#..#...#.#@4...#
#######..#.8.#.#H########
........§#...#...#8.8[8:8
........∩#.8.###.'......∩
........§#...#...#8.8=8}8
#######..#.8.#.#.########
!3}...#..#...#.#..
....#.####.8......
####..#©.....###.##


You could see a minotaur (ally target) and a friendly hellwing (summoned).

Vanquished Creatures
  A centaur warrior (D:8)
  Amaemon (D:8)
  A necromancer (Gauntlet)
  A worldbinder (Gauntlet)
  A manticore (D:8)
  Maurice (D:8)
  A black mamba (Lair:1)
  3 cane toads (Lair:1)
  Maggie (D:8)
  An orange demon (D:8)
  A rime drake (Lair:1)
  2 komodo dragons (Lair:1)
  A troll (D:10)
  A hornet (D:10)
  A jumping spider (shapeshifter) (D:9)
  A wraith (D:10)
  8 yaks
  A hog (shapeshifter) (Gauntlet)
  4 wyverns
  2 vampire mosquitoes (D:10)
  4 wargs (D:9)
  Menkaure (D:5)
  3 water moccasins
  An ice beast (D:7)
  3 sky beasts
  The ghost of p0werm0de the Covered, an amateur MiFi of Jiyva (D:5)
  2 black bears
  A boggart (Gauntlet)
  2 centaurs
  10 wolves
  The ghost of Glaciallarry the Cutter, an amateur KoBr (D:3)
  2 phantoms (D:5)
  A necrophage (D:4)
  6 bullfrogs
  2 scorpions (D:6)
  9 wights (D:8)
  11 killer bees
  2 howler monkeys
  2 centaur zombies (Ossuary)
  8 jellies
  A gnoll bouda (D:5)
  4 hounds
  Crazy Yiuf (D:3)
  An iguana (D:4)
  9 orc priests
  Terence (D:2)
  11 orc wizards
  2 mummies (Ossuary)
  18 gnolls
  12 adders
  5 river rats
  A white imp (D:7)
  2 adder zombies (D:3)
  5 worms
  3 dart slugs
  48 orcs
  8 bats
  11 endoplasms
  5 giant cockroaches (Sewer)
  2 gnoll zombies (Ossuary)
  4 goblins
  5 hobgoblins
  4 quokkas
  11 ball pythons
  8 frilled lizards
  4 goblin zombies (Ossuary)
  8 kobolds
  6 orc zombies (Ossuary)
  7 rats
313 creatures vanquished.

Vanquished Creatures (collateral kills)
  A great orb of eyes (shapeshifter) (Gauntlet)
  An alligator (shapeshifter) (Gauntlet)
  A warg (D:9)
  An acid dragon (D:9)
  A centaur (D:9)
  A kobold brigand (D:9)
  3 orcs (D:9)
  3 kobolds (D:9)
12 creatures vanquished.

Vanquished Creatures (others)
  3 fungi
  3 plants
  4 toadstools (D:6)
  25 withered plants (Gauntlet)
35 creatures vanquished.

Grand Total: 360 creatures vanquished

Notes
Turn   | Place    | Note
-------+----------+-------------------------------------------
     0 | D:1      | nono the Palentonga Fighter began the quest for the Orb.
     0 | D:1      | Reached XP level 1. HP: 19/19 MP: 1/1
   244 | D:1      | Reached XP level 2. HP: 25/25 MP: 2/2
   271 | D:1      | Found a faded altar of an unknown god.
   818 | D:2      | Noticed Terence
   827 | D:2      | Killed Terence
   828 | D:2      | Reached XP level 3. HP: 24/31 MP: 3/3
   838 | D:2      | Reached XP level 4. HP: 25/37 MP: 4/4
  1805 | D:3      | Found a runed translucent gate.
  1805 | D:3      | Found a runed translucent gate.
  1805 | D:3      | Found a runed translucent gate.
  1805 | D:3      | Noticed Glaciallarry's ghost (amateur KoBr)
  1808 | D:3      | Found a basalt altar of Yredelemnul.
  1819 | D:3      | Reached XP level 5. HP: 44/44 MP: 5/5
  2120 | D:3      | Found a runed translucent door.
  2121 | D:3      | Noticed Crazy Yiuf
  2133 | D:3      | Killed Crazy Yiuf
  2690 | D:3      | Reached XP level 6. HP: 40/51 MP: 6/6
  2951 | D:4      | Found a white marble altar of Elyvilon.
  3793 | D:5      | Entered Level 5 of the Dungeon
  3802 | D:5      | Found a runed translucent gate.
  3804 | D:5      | Found a runed translucent gate.
  3804 | D:5      | Noticed p0werm0de's ghost (amateur MiFi)
  3805 | D:5      | Found a runed translucent gate.
  3881 | D:5      | Found a staircase to the Ecumenical Temple.
  3888 | Temple   | Entered the Ecumenical Temple
  3888 | Temple   | Found a transporter.
  3888 | Temple   | Found a transporter.
  3890 | Temple   | Found a transporter.
  3890 | Temple   | Found a transporter.
  3977 | Temple   | Became a worshipper of Makhleb the Destroyer
  4018 | D:5      | Gained mutation: You curl defensively after being hit. (AC
                  | +7*) [Palentonga growth]
  4018 | D:5      | Reached XP level 7. HP: 52/58 MP: 7/7
  4029 | D:5      | Noticed a wyvern
  4041 | D:5      | Killed a wyvern
  4051 | D:5      | Reached skill level 5 in Fighting
  4298 | D:5      | Found a sand-covered staircase.
  4301 | D:5      | Found a broken altar of Ashenzari.
  4312 | Ossuary  | Entered an ossuary
  4522 | D:5      | Reached * piety under Makhleb
  4542 | D:5      | Found a glowing drain.
  4552 | Sewer    | Entered a sewer
  4738 | Sewer    | Found a viscous altar of Jiyva.
  4749 | Sewer    | Reached ** piety under Makhleb
  4847 | Sewer    | Reached skill level 5 in Shields
  4847 | Sewer    | Reached XP level 8. HP: 62/67 MP: 8/8
  4858 | Sewer    | Identified the +0 pair of boots of Udoxam {rPois Int-3
                  | Dex+3}
  5036 | D:5      | Reached skill level 5 in Axes
  5181 | D:5      | Noticed Menkaure
  5191 | D:5      | Killed Menkaure
  6366 | D:4      | Reached skill level 5 in Armour
  6655 | D:3      | Killed Glaciallarry's ghost
  7093 | D:6      | Reached skill level 1 in Invocations
  7888 | D:6      | Reached XP level 9. HP: 60/75 MP: 10/10
  8068 | D:6      | Reached *** piety under Makhleb
  8238 | D:5      | Killed p0werm0de's ghost
  8531 | D:7      | Found an opulent altar of Gozag.
  8756 | D:7      | Found a stormy altar of Qazlal.
  8860 | D:7      | Found a hide-covered altar of Uskayaw.
  8887 | D:7      | Found Ymuedd's Lightly-Used Armoury.
  9463 | D:7      | Found a snail-covered altar of Cheibriados.
  9863 | D:7      | Found Pufudewi's General Store.
 10153 | D:8      | Noticed Amaemon
 10153 | D:8      | Noticed an orange demon
 10289 | D:8      | Noticed a centaur warrior
 10336 | D:8      | Noticed a manticore
 10342 | D:8      | Noticed Maurice
 10376 | D:8      | Killed Maurice
 10410 | D:8      | Found a sparkling altar of Nemelex Xobeh.
 10473 | D:8      | Reached XP level 10. HP: 61/81 MP: 13/13
 10492 | D:9      | Found a staircase to the Lair.
 10521 | D:9      | Reached **** piety under Makhleb
 10551 | D:9      | Reached skill level 5 in Invocations
 10942 | D:9      | Noticed a swamp dragon
 10942 | D:9      | a swamp dragon changed into a jumping spider
 11479 | D:9      | Found a radiant altar of Vehumet.
 11502 | Lair:1   | Entered Level 1 of the Lair of Beasts
 11502 | Lair:1   | Noticed a cane toad
 11511 | Lair:1   | Killed a cane toad
 12112 | D:9      | Found a runed translucent door.
 12114 | D:9      | Noticed stringoo's ghost (journeyman OpGl)
 12233 | D:9      | Found a staircase to the Orcish Mines.
 12494 | D:10     | Entered Level 10 of the Dungeon
 13732 | D:10     | Identified a scroll of acquirement
 13733 | D:10     | Acquired a manual of Maces & Flails
 13949 | D:8      | Killed a centaur warrior
 13950 | D:8      | Reached skill level 1 in Maces & Flails
 13950 | D:8      | Reached XP level 11. HP: 23/93 MP: 15/15
 14469 | D:7      | Bought a -3 eveningstar for 1 gold piece
 14469 | D:7      | Bought a -1 demon whip for 160 gold pieces
 14503 | D:8      | Reached skill level 2 in Maces & Flails
 14506 | D:8      | Found the +5 demon whip "Spellbinder" {antimagic, Will+}
 14567 | D:8      | Noticed Maggie
 14578 | D:8      | Killed Maggie
 14579 | D:8      | Reached skill level 3 in Maces & Flails
 14613 | D:8      | Killed Amaemon
 14614 | D:8      | Reached skill level 5 in Maces & Flails
 15038 | D:8      | Reached skill level 6 in Maces & Flails
 15290 | D:8      | Found an ornate altar of the Wu Jian Council.
 15298 | D:8      | Reached skill level 7 in Maces & Flails
 15302 | D:8      | Found a hazy altar of Hepliaklqana.
 15302 | D:8      | Found an iron altar of Okawaru.
 15304 | D:8      | Found a bloodstained altar of Trog.
 15305 | D:8      | Found a sacrificial altar of Ru.
 15306 | D:8      | Found a shimmering altar of Xom.
 15933 | Lair:1   | Reached skill level 8 in Maces & Flails
 16224 | Lair:1   | Reached skill level 9 in Maces & Flails
 16398 | Lair:1   | Noticed an oklob plant
 16491 | Lair:1   | Reached skill level 10 in Maces & Flails
 16657 | Lair:1   | Reached skill level 11 in Maces & Flails
 17161 | Lair:2   | Found a gate leading to a gauntlet.
 17173 | Gauntlet | Entered a Gauntlet
 17173 | Gauntlet | Found a transporter.
 17173 | Gauntlet | Found a transporter.
 17174 | Gauntlet | Noticed a large abomination
 17178 | Gauntlet | Found a transporter.
 17186 | Gauntlet | Found a transporter.
 17197 | Gauntlet | Found a transporter.
 17197 | Gauntlet | Found a transporter.
 17212 | Gauntlet | Found a transporter.
 17212 | Gauntlet | Noticed a necromancer
 17232 | Gauntlet | Noticed a necromancer
 17256 | Gauntlet | Found the +8 lance "Wyrmbane" {slay drac, rPois rF+ rC+
                  | AC+3}
 17261 | Gauntlet | Found a transporter.
 17261 | Gauntlet | Found a transporter.
 17267 | Gauntlet | Noticed a wretched star
 17288 | Gauntlet | Noticed a shock serpent
 17288 | Gauntlet | a redback changed into a shock serpent
 17289 | Gauntlet | Found a transporter.
 17289 | Gauntlet | Noticed a glowing shapeshifter
 17289 | Gauntlet | a shock serpent changed into a glowing shapeshifter
 17290 | Gauntlet | a glowing shapeshifter changed into an elephant
 17291 | Gauntlet | Noticed a shining eye
 17291 | Gauntlet | an elephant changed into a shining eye
 17292 | Gauntlet | Noticed a wolf spider
 17292 | Gauntlet | a shining eye changed into a wolf spider
 17297 | Gauntlet | Noticed a shock serpent
 17297 | Gauntlet | a wolf spider changed into a shock serpent
 17299 | Gauntlet | Noticed an anaconda
 17299 | Gauntlet | a shock serpent changed into an anaconda
 17303 | Gauntlet | Noticed a goliath frog
 17303 | Gauntlet | an anaconda changed into a goliath frog
 17356 | Gauntlet | Reached skill level 12 in Maces & Flails
 17365 | Gauntlet | Killed a necromancer
 17404 | Gauntlet | Found a transporter.
 17433 | Gauntlet | Noticed an ironbound thunderhulk
 17433 | Gauntlet | Noticed an ironbound thunderhulk
 17441 | Gauntlet | Noticed a soul eater
 17466 | Gauntlet | Reached skill level 13 in Maces & Flails
 17473 | Gauntlet | Noticed an orb spider
 17473 | Gauntlet | Noticed a goliath frog
 17477 | Gauntlet | Noticed an anaconda
 17477 | Gauntlet | a goliath frog changed into an anaconda
 17487 | Gauntlet | Noticed a shock serpent
 17487 | Gauntlet | an anaconda changed into a shock serpent
 17495 | Gauntlet | Noticed a sea snake
 17495 | Gauntlet | a shock serpent changed into a sea snake
 17499 | Gauntlet | Noticed an ice dragon
 17499 | Gauntlet | a sea snake changed into an ice dragon
 17503 | Gauntlet | Noticed a shock serpent
 17503 | Gauntlet | an ice dragon changed into a shock serpent
 17505 | Gauntlet | Noticed an anaconda
 17505 | Gauntlet | an orb spider changed into an anaconda
 17506 | Gauntlet | a shock serpent changed into a slime creature
 17511 | Gauntlet | Noticed a steelbarb worm
 17511 | Gauntlet | a faun changed into a steelbarb worm
 17521 | Gauntlet | Noticed a shock serpent
 17521 | Gauntlet | a steelbarb worm changed into a shock serpent
 17522 | Gauntlet | Noticed a two-headed ogre
 17522 | Gauntlet | a shock serpent changed into a two-headed ogre
 17524 | Gauntlet | Noticed a lindwurm
 17524 | Gauntlet | a two-headed ogre changed into a lindwurm
 17527 | Gauntlet | a lindwurm changed into a salamander
 17538 | Gauntlet | Noticed a shock serpent
 17538 | Gauntlet | a dream sheep changed into a shock serpent
 17539 | Gauntlet | a shock serpent changed into a dream sheep
 17542 | Gauntlet | Noticed a jorogumo
 17542 | Gauntlet | an anaconda changed into a jorogumo
 17552 | Gauntlet | Noticed an orb spider
 17552 | Gauntlet | an elephant changed into an orb spider
 17553 | Gauntlet | a jorogumo changed into a slime creature
 17558 | Gauntlet | an orb spider changed into a faun
 17560 | Gauntlet | Noticed a lindwurm
 17560 | Gauntlet | a faun changed into a lindwurm
 17561 | Gauntlet | a lindwurm changed into a salamander
 17562 | Gauntlet | Noticed a mana viper
 17562 | Gauntlet | a culicivora changed into a mana viper
 17566 | Gauntlet | Noticed a two-headed ogre
 17566 | Gauntlet | a mana viper changed into a two-headed ogre
 17591 | Gauntlet | Noticed a shock serpent
 17591 | Gauntlet | a two-headed ogre changed into a shock serpent
 17601 | Gauntlet | Noticed a radroach
 17601 | Gauntlet | a slime creature changed into a radroach
 17604 | Gauntlet | Noticed a bunyip
 17604 | Gauntlet | a radroach changed into a bunyip
 17608 | Gauntlet | Noticed a wolf spider
 17608 | Gauntlet | a shock serpent changed into a wolf spider
 17614 | Gauntlet | a bunyip changed into a tyrant leech
 17635 | Gauntlet | Noticed an alligator
 17635 | Gauntlet | a tyrant leech changed into an alligator
 17674 | Gauntlet | Found a transporter.
 17677 | Gauntlet | Noticed a goliath frog
 17677 | Gauntlet | a wolf spider changed into a goliath frog
 17678 | Gauntlet | Found a transporter.
 17700 | Gauntlet | Noticed a great orb of eyes
 17700 | Gauntlet | a goliath frog changed into a great orb of eyes
 17705 | Gauntlet | Killed a great orb of eyes
 17713 | Gauntlet | Killed an alligator
 17714 | Gauntlet | Reached XP level 12. HP: 34/100 MP: 5/16
 18007 | Gauntlet | Identified the ring of Xam Idghe {rElec rPois Will- Str+6
                  | Int+6}
 18007 | Gauntlet | Noticed a minotaur
 18008 | Gauntlet | Found the +3 salamander hide armour {Flames rF++ rC--}
 18024 | Gauntlet | Slain by a minotaur

Illustrated notes

Levels and vault maps discovered:
D:1:      moated_graveyard_arrival, layout_basic,
          dreamdust_ecumenical_altar_statues, chequers_decorated_corner,
          minmay_stone_trees_small
D:2:      layout_loops_ring, minmay_fractal_squares_5, uniq_terence
D:3:      layout_loops_ring, nicolae_yredelemnul_ghost_church,
          chequers_serial_rivers_room_b, fountainhead, uniq_crazy_yiuf_cottage
D:4:      layout_layer_cave, mainiacjoe_overflow_concentric_impassable
D:5:      layout_layer_cave, mainiacjoe_overflow_alcove_1,
          minmay_temple_entry_wispy, portal_sewer_entry_b,
          lightli_ossuary_entry_decrepit_ruins, biasface_ghost_orc_armoury,
          corexii_corridor_pit, uniq_menkaure
D:6:      layout_loops_corners, minmay_gold_behind_fungi
D:7:      layout_layer_cave, mainiacjoe_overflow_small_starburst,
          mainiacjoe_overflow_brackets, mainiacjoe_overflow_six_doors_small,
          slow_altar_1, serial_shops, nicolae_inconvenience_store,
          minmay_shop_damaged, nicolae_fountain_basement
D:8:      nzn_winding_woodlands_small [nzn_winding_woodlands_5x15_split_checker,
          nzn_winding_woodlands_center_diamonds,
          nzn_winding_woodlands_5x15_twine], layout_loops_corners,
          amcnicky_altar_gilded, minitemple, item_on_display_a, uniq_maurice,
          uniq_maggie, uniq_amaemon
D:9:      layout_roguey, general_overflow_altar, erik_lair_orcish_takeover,
          erik_orc_4, ebering_ghost_inner_flame
D:10:     layout_grid_maze
D:11:     layout_rooms, kennysheep_generic_room_16, uniq_josephine, uniq_lodul
D:12:     minmay_the_grid_square_5x5_3x3
          [minmay_the_grid_square_5x5_checkered_sparse,
          minmay_the_grid_square_5x5_six, minmay_the_grid_square_5x5_hourglass,
          minmay_the_grid_square_5x5_v,
          minmay_the_grid_square_5x5_megaprize_hollow,
          minmay_the_grid_square_5x5_inner_z, minmay_the_grid_square_5x5_slash,
          minmay_the_grid_square_5x5_bracketed,
          minmay_the_grid_square_5x5_tri_point], layout_basic, enter_trove_5,
          gammafunk_ghost_stat_death
Temple:   hellmonk_temple_divided_pantheon
Lair:1:   layout_regular_city, serial_bayou_shore_a
Lair:2:   layout_loops_ring, shoals_dummy_entry,
          hellmonk_spider_entry_life_and_decay, gauntlet_entry_generic
Gauntlet: gammafunk_gauntlet_branching [nicolae_gauntlet_arena_grate_2,
          gammafunk_gauntlet_arena_crates, nicolae_gauntlet_arena_t_cross,
          nicolae_gauntlet_swirl, nicolae_gauntlet_arena_flowing_pool,
          gammafunk_gauntlet_arena_hedges, nicolae_gauntlet_arena_blocks,
          gammafunk_gauntlet_arena_teeth,
          nicolae_gauntlet_exit_dead_adventurers]

Skill      XL: |  1  2  3  4  5  6  7  8  9 10 11 |
---------------+----------------------------------+-----
Shields        | 3 4 5 6 7 |  7.9
Armour         | 3 4 5 6 7 |  7.2
Axes           | 3 4 6 7 8 |  8.1
Fighting       | 4 5 6 7 8 |  8.6
Invocations    | 2 4 6 |  6.5
Maces & Flails | 1 13 | 13.6

Action                   |  1- 3 |  4- 6 |  7- 9 | 10-12 || total
-------------------------+-------+-------+-------+-------++-------
Melee: Spear             |    57 |   175 |   420 |       ||   652
       Tailslap          |     4 |     7 |    77 |    58 ||   146
       Morningstar       |       |       |   102 |   131 ||   233
       Hand axe          |       |       |     3 |    59 ||    62
       War axe           |       |       |       |    28 ||    28
       Demon whip        |       |       |       |   239 ||   239
Invok: Minor Destruction |       |       |     3 |    11 ||    14
       Lesser Servant of |       |       |       |     6 ||     6
       Major Destruction |       |       |       |     4 ||     4
  Use: Potion            |     1 |       |       |     6 ||     7
       Scroll            |       |       |     6 |    12 ||    18
 Stab: Distracted        |       |       |       |     1 ||     1
Armor: Scale mail        |    20 |     3 |       |       ||    23
       Chain mail        |       |    45 |       |       ||    45
       Plate armour      |       |    18 |   293 |   244 ||   555
Dodge: Dodged            |    14 |    45 |   214 |   184 ||   457
Block: Buckler           |     4 |    24 |   134 |   269 ||   431
       Reflection        |       |       |       |    12 ||    12

Table legend: (Time is in decaauts)
 A = Elapsed time spent in this place.
 B = Non-inter-level travel time spent in this place.
 C = Inter-level travel time spent in this place.
 D = Time resting spent in this place.
 E = Time spent auto-exploring this place.
 F = Levels seen in this place.
 G = Mean time per level.
                   A        B        C        D        E       F      G
               +--------+--------+--------+--------+--------+-----+--------+
         Total |  18066 |  17252 |    814 |   1920 |  11543 |  18 | 1003.7 |
       Dungeon |  14994 |  14191 |    803 |   1418 |  10058 |  12 | 1249.5 |
        Temple |    107 |    103 |      4 |      0 |      0 |   1 |  107.0 |
          Lair |   1541 |   1534 |      7 |    280 |   1087 |   2 |  770.5 |
         Sewer |    470 |    470 |      0 |      0 |    223 |   1 |  470.0 |
       Ossuary |    139 |    139 |      0 |      0 |      0 |   1 |  139.0 |
      Gauntlet |    811 |    811 |      0 |    222 |    174 |   1 |  811.0 |
               +--------+--------+--------+--------+--------+-----+--------+

Top non-repeatable levels by time:
     D:9: 2366 daAuts
     D:5: 2047 daAuts
     D:7: 1778 daAuts
     D:8: 1570 daAuts
     D:4: 1527 daAuts
  Lair:1: 1506 daAuts
     D:3: 1371 daAuts
    D:10: 1329 daAuts
     D:6: 1299 daAuts
     D:2: 877 daAuts
Gauntlet: 811 daAuts
     D:1: 739 daAuts
   Sewer: 470 daAuts
 Ossuary: 139 daAuts
  Temple: 107 daAuts
